 Seeded DCSS version 0.31-a0-1537-g69dc257 (webtiles) character file.

Game seed: 6425746891301804789 (custom seed)

13377 edsrzf the Basher (level 11, 0/92 HPs)
             Began as a Red Draconian Hexslinger on Dec 31, 2023.
             Was an Initiate of Gozag.
             Slain by a killer bee (8 damage)
             ... on level 11 of the Dungeon.
             The game lasted 00:32:19 (11425 turns).

edsrzf the Basher (Red Draconian Hexslinger)       Turns: 11425, Time: 00:32:20

Health: 0/92       AC:  9    Str: 10    XL:     11   Next: 74%
Magic:  18/18      EV: 14    Int: 18    God:    Gozag
Gold:   2515       SH:  0    Dex: 14    Spells: 18/20 levels left

rFire   + . .        a - +3 morningstar (flame)
rCold   . . .        (no shield)
rNeg    + . .        (body armour unavailable)
rPois   .            (helmet restricted)
rElec   .            f - +0 cloak
rCorr   .            C - +0 pair of gloves
SInv    .            (no boots)
Will    .....        (no amulet)
Stlth   +            q - +4 ring of slaying
HPRegen 0.35/turn    k - ring of positive energy
MPRegen 0.16/turn

%: no passive effects
@: confused, lethally poisoned (0 -> -2), short of breath, ambrosia-drunk, gold
aura
A: breathe fire, AC +7, unfitting armour, fire resistance 1, cold-blooded
a: Breathe Fire, Renounce Religion, Potion Petition, Call Merchant, Bribe Branch


You were on level 11 of the Dungeon.
You worshipped Gozag.
Gozag was most pleased with you.
You visited 1 branch of the dungeon, and saw 11 of its levels.
You also visited: Bailey.

You collected 2577 gold pieces.
You paid 62 gold pieces to Gozag.

Inventory:

Hand Weapons
 a - a +3 morningstar of flaming (weapon)
 b - a +1 sling
 w - a +4 dagger of speed
 I - a +3 eveningstar of protection
Missiles
 m - 3 darts of dispersal
 v - 12 poisoned darts
Armour
 f - a +0 cloak (worn)
 h - an orb of light
 C - a +0 pair of gloves (worn)
 D - a scarf of resistance
Jewellery
 k - a ring of positive energy (right hand)
 q - a +4 ring of slaying (left hand)
 J - a ring of protection from fire
Wands
 e - a wand of mindburst (24)
 o - a wand of flame (1)
Scrolls
 c - 4 scrolls of identify {@r1}
 d - 3 scrolls of teleportation {@r3}
 g - a scroll of fog {unknown}
 j - 4 scrolls of enchant armour
 l - a scroll of revelation {unknown}
 n - a scroll of noise {unknown}
 r - 2 scrolls of poison
 t - 4 scrolls of blinking
 x - 2 scrolls of immolation
 y - a scroll of amnesia {unknown}
 z - a scroll of summoning {unknown}
 B - 2 scrolls of vulnerability {unknown}
 E - a scroll of enchant weapon {unknown}
 H - 2 scrolls of brand weapon {unknown}
 L - a scroll of silence {unknown}
Potions
 p - a potion of resistance
 u - 2 potions of enlightenment
 A - a potion of brilliance
 F - a potion of cancellation
 G - a potion of lignification
 K - a potion of might
 M - 3 potions of ambrosia


   Skills:
 - Level 7.1 Fighting
 + Level 14.8 Maces & Flails
 - Level 1.7 Ranged Weapons
 - Level 6.0 Dodging
 - Level 5.0 Spellcasting
 - Level 5.0 Hexes
 - Level 3.0 Fire Magic


You had 18 spell levels left.
You knew the following spells:

 Your Spells              Type           Power      Damage    Failure   Level
a - Jinxbite              Hex            44%        N/A       2%          2

Your spell library contained the following spells:

 Spells                   Type           Power      Damage    Failure   Level
 Sigil of Binding         Hex            22%        N/A       4%          3
 Inner Flame              Hex/Fire       19%        N/A       8%          3
 Cause Fear               Hex            11%        N/A       17%         4
 Static Discharge         Conj/Air       8%         3-4/arc   21%         2
 Swiftness                Air            4%         N/A       36%         3
 Dimensional Bullseye     Hex/Tloc       6%         N/A       43%         4
 Airstrike                Air            2%         2d(1-17)  78%         4
 Summon Lightning Spire   Summ/Air       4%         N/A       78%         4
 Fireball                 Conj/Fire      4%         3d4       89%         5
 Alistair's Intoxication  Alch           2%         N/A       98%         5
 Borgnjor's Vile Clutch   Necr/Erth      2%         N/A       98%         5
 Eringya's Noxious Bog    Alch           2%         4d6       100%        6
 Starburst                Conj/Fire      4%         6d4       100%        6


Dungeon Overview and Level Annotations

Branches:
Dungeon (11/15)            Temple (0/1) D:7            Lair (0/5) D:8
 Bailey (visited)
    Orc: D:9-12

Altars:
Cheibriados
Dithmenos
Elyvilon
Gozag
Hepliaklqana
Makhleb
Nemelex Xobeh
Okawaru
Ru
Sif Muna
Trog
Vehumet
Xom
Yredelemnul
The Shining One

Shops:
D:5 =


Innate Abilities, Weirdness & Mutations

You can breathe blasts of fire.
Your fiery red scales are hard. (AC +7)
You cannot fit into any form of body armour.
Your flesh is heat resistant. (rF+)
You are cold-blooded and may be slowed by cold attacks.


Message History

The killer bee poisons you! The killer bee stings you.
The killer bee stings you!
Aiming: Breathe Fire (3% risk of failure)
Press: ? - help, Shift-Dir - straight line, f - two-headed ogre
Aim: a two-headed ogre, wielding a +0 dire flail and a +0 giant club (85% to hit)
You breathe a blast of fire.
The fiery breath hits the two-headed ogre!
The two-headed ogre is moderately wounded.
You feel very sick.
You hear an angry buzzing noise.
The killer bee stings you but does no damage.
The killer bee stings you.
You sock the two-headed ogre! You burn the two-headed ogre.
The two-headed ogre is heavily wounded.
You feel sick. The killer bee misses you.
The two-headed ogre is engulfed in blazing flames.
The two-headed ogre hits you with a +0 dire flail!
The two-headed ogre misses you. The killer bee barely misses you.
You hit the two-headed ogre. You burn the two-headed ogre.
You punch the two-headed ogre.
The two-headed ogre is almost dead.
You feel sick. The killer bee stings you.
You are more poisoned.
The killer bee poisons you!
You sock the killer bee! You burn the killer bee.
You kill the killer bee!
You feel very sick.
The two-headed ogre is engulfed in blazing flames.
You kill the two-headed ogre!
The killer bee closely misses you.
You closely miss the killer bee.
You feel sick.
The killer bee stings you but does no damage.
You miss the killer bee.
You feel sick. The killer bee stings you.
* * * LOW HITPOINT WARNING * * *
You are more poisoned.
The killer bee poisons you!
The killer bee stings you but does no damage.
You sock the killer bee! You burn the killer bee.
The killer bee is heavily wounded.
You feel sick. The killer bee closely misses you.
You feel better. The killer bee stings you.
* * * LOW HITPOINT WARNING * * *
You are poisoned.
The killer bee poisons you!
The killer bee stings you but does no damage.
You puncture the killer bee! You burn the killer bee.
Your tail-slap misses the killer bee.
The killer bee is almost dead.
You feel sick.
The killer bee stings you but does no damage.
The killer bee stings you.
* * * LOW HITPOINT WARNING * * *
The killer bee barely misses you.
Press: ? - help, v - describe, . - travel, g - get item
Here: a killer bee
Items here: 12 gold pieces; a +0 dire flail; a +0 giant club.
The floor.
Press: ? - help, v - describe, . - travel, g - get item
Here: a killer bee (almost dead)
Items here: 13 gold pieces; a potion of ambrosia.
The floor.
You miss the killer bee.
The killer bee is almost dead.
You feel sick.
The killer bee stings you but does no damage.
The killer bee barely misses you. The killer bee closely misses you.
The killer bee stings you but does no damage.
You closely miss the killer bee. You tail-slap the killer bee.
You kill the killer bee!
You feel sick.
The killer bee is distracted by your dazzling golden aura.
You closely miss the killer bee.
The killer bee is no longer distracted by gold.
The killer bee buzzes angrily.
You hear an angry buzzing noise. x2
The killer bee barely misses you. The killer bee misses you.
You hear an angry buzzing noise. x2
You closely miss the killer bee.
You feel sick. The killer bee stings you.
* * * LOW HITPOINT WARNING * * *
You are more poisoned.
The killer bee poisons you!
A killer bee comes into view.
Unknown command.
You feel better. The killer bee closely misses you. The killer bee stings you!
* * * LOW HITPOINT WARNING * * *
You are poisoned.
The killer bee poisons you!
The killer bee stings you but does no damage.
Okay, then.
As you read the scroll of fear, it crumbles to dust.
You assume a fearsome visage.
The killer bee looks frightened! x2
You feel sick.
The killer bee is distracted by your dazzling golden aura.
A killer bee comes into view.
Okay, then.
You are confused.
You feel invigorated.
You feel sick.
The killer bee buzzes angrily.
The killer bee stings you!
You die...
Your body crumbles into a pile of gold.

.........#...# . ..
.........##'##....
... ................#
... ####.....###....#
..###.###............
#.#.#.#.............
###y#.#.##.#+###.....
.!#$#.#.#.# ###.
#.#@#.##.# #y#.###.#
#.#.#.#... ## ####...
..


You could see 2 killer bees.

Vanquished Creatures
  Erica (D:8)
  A two-headed ogre (D:11)
  3 death yaks (D:8)
  An orc high priest (Bailey)
  An ugly thing (D:11)
  Maggie (D:6)
  A komodo dragon (D:10)
  Jeremiah (D:8)
  A kobold demonologist (Bailey)
  A queen bee (D:11)
  2 trolls
  Grinder (D:3)
  A hornet (D:9)
  2 shadows
  A wraith (D:11)
  A wyvern (D:8)
  12 yaks
  3 steam dragons
  A water moccasin (D:6)
  An acid dragon (D:11)
  An ice beast (D:5)
  A sky beast (D:8)
  13 orc warriors
  3 ogres
  A centaur (D:7)
  A phantom (D:6)
  A gnoll sergeant (D:6)
  3 bullfrogs
  4 scorpions
  5 wights (D:9)
  20 killer bees
  An electric eel (Bailey)
  A crimson imp (D:4)
  A hound (D:6)
  4 orc priests
  4 jellies
  A gnoll bouda (D:9)
  2 sleepcaps
  Ijyb (D:3)
  6 orc wizards
  4 iguanas
  14 gnolls
  8 adders
  3 shadow imps
  3 white imps
  6 ufetubi
  4 dart slugs
  2 ribbon worms
  35 orcs
  5 bats
  6 endoplasms
  A giant cockroach (D:2)
  16 goblins
  11 hobgoblins
  2 jackals (D:1)
  6 quokkas
  7 ball pythons
  4 frilled lizards
  7 kobolds
  5 rats
260 creatures vanquished.

Notes
Turn   | Place    | Note
-------+----------+-------------------------------------------
     0 | D:1      | edsrzf the Draconian Hexslinger began the quest for the
                  | Orb.
     0 | D:1      | Reached XP level 1. HP: 16/16 MP: 2/2
    80 | D:1      | Reached skill level 2 in Dodging
   122 | D:1      | Found a faded altar of an unknown god.
   131 | D:1      | Reached XP level 2. HP: 24/24 MP: 3/3
   371 | D:1      | Reached skill level 2 in Fighting
   398 | D:1      | Learned a level 2 spell: Jinxbite
  1212 | D:2      | Reached XP level 3. HP: 30/30 MP: 1/4
  1843 | D:3      | Reached skill level 3 in Fighting
  1843 | D:3      | Reached skill level 3 in Dodging
  1932 | D:3      | Reached XP level 4. HP: 38/38 MP: 5/5
  1959 | D:3      | Noticed Ijyb
  2251 | D:4      | Identified a potion of curing
  2257 | D:4      | Reached skill level 3 in Hexes
  2527 | D:3      | Identified a potion of enlightenment
  2531 | D:3      | Identified a potion of heal wounds
  2544 | D:3      | Killed Ijyb
  2545 | D:3      | Reached skill level 2 in Spellcasting
  2761 | D:3      | Noticed Grinder
  2762 | D:3      | Identified 3 scrolls of identify
  2762 | D:3      | Identified a scroll of teleportation
  2770 | D:3      | Found an opulent altar of Gozag.
  2770 | D:3      | Found a bloodstained altar of Trog.
  2778 | D:3      | Reached XP level 5. HP: 45/45 MP: 8/8
  2781 | D:3      | Found a glowing golden altar of the Shining One.
  2783 | D:3      | Found a faded altar of an unknown god.
  2784 | D:3      | Found a faded altar of an unknown god.
  2820 | D:3      | Became a worshipper of Gozag Ym Sagoz the Greedy
  2915 | D:3      | Killed Grinder
  2916 | D:3      | Reached skill level 3 in Spellcasting
  2916 | D:3      | Reached skill level 4 in Hexes
  2916 | D:3      | Reached XP level 6. HP: 51/51 MP: 8/11
  3213 | D:4      | Reached skill level 4 in Spellcasting
  3213 | D:4      | Your scales start taking on a fiery red colour.
  3213 | D:4      | Reached XP level 7. HP: 39/57 MP: 11/13
  3213 | D:4      | Gained mutation: Your flesh is heat resistant. (rF+) [Red
                  | Draconian growth]
  3500 | D:4      | Found a radiant altar of Vehumet.
  3500 | D:4      | Found a burning altar of Makhleb.
  3517 | D:4      | Reached skill level 5 in Hexes
  3703 | D:4      | Reached skill level 2 in Fire Magic
  4059 | D:4      | Reached skill level 3 in Fire Magic
  4150 | D:4      | You fall into a shaft and drop 1 floor!
  4150 | D:5      | Entered Level 5 of the Dungeon
  4162 | D:5      | Found a white marble altar of Elyvilon.
  4266 | D:5      | Found a basalt altar of Yredelemnul.
  4295 | D:5      | Reached skill level 5 in Spellcasting
  4507 | D:5      | Found Riqeb's Jewellery Shoppe.
  4554 | D:5      | Reached skill level 4 in Fighting
  4554 | D:5      | Reached XP level 8. HP: 66/66 MP: 15/15
  4582 | D:5      | Reached skill level 4 in Dodging
  4780 | D:6      | Reached skill level 5 in Fighting
  5128 | D:6      | Identified a potion of resistance
  5227 | D:6      | Reached skill level 6 in Fighting
  5227 | D:6      | Reached skill level 5 in Dodging
  5370 | D:6      | Noticed Maggie
  5382 | D:6      | Killed Maggie
  5489 | D:6      | Reached skill level 7 in Fighting
  5489 | D:6      | Reached skill level 6 in Dodging
  5489 | D:6      | Reached XP level 9. HP: 76/79 MP: 16/16
  5725 | D:7      | Found an iron altar of Okawaru.
  5733 | D:7      | Found a shadowy altar of Dithmenos.
  5740 | D:7      | Found a hazy altar of Hepliaklqana.
  5747 | D:7      | Found a sacrificial altar of Ru.
  5755 | D:7      | Found a shimmering blue altar of Sif Muna.
  5762 | D:7      | Found a sparkling altar of Nemelex Xobeh.
  5768 | D:7      | Found a snail-covered altar of Cheibriados.
  5856 | D:7      | Reached skill level 1 in Maces & Flails
  6114 | D:7      | Found a staircase to the Ecumenical Temple.
  6203 | D:7      | Reached skill level 2 in Maces & Flails
  6515 | D:8      | Noticed a death yak
  6525 | D:8      | Noticed a death yak
  6525 | D:8      | Noticed a death yak
  6538 | D:8      | Identified a potion of brilliance
  6635 | D:8      | Noticed a troll
  6639 | D:8      | Killed a troll
  6640 | D:8      | Reached skill level 3 in Maces & Flails
  6651 | D:8      | Reached skill level 4 in Maces & Flails
  6672 | D:8      | Reached skill level 5 in Maces & Flails
  6822 | D:8      | Found a flagged portal.
  6850 | Bailey   | Entered a bailey
  6897 | Bailey   | Reached skill level 6 in Maces & Flails
  7081 | Bailey   | Noticed a kobold demonologist
  7090 | Bailey   | Killed a kobold demonologist
  7091 | Bailey   | Reached skill level 7 in Maces & Flails
  7329 | Bailey   | Acquired 503 gold pieces
  7405 | Bailey   | Reached skill level 8 in Maces & Flails
  7422 | Bailey   | Reached XP level 10. HP: 72/86 MP: 17/17
  7527 | Bailey   | Found an iron altar of Okawaru.
  7527 | Bailey   | Noticed an orc high priest
  7528 | Bailey   | Noticed a smoke demon
  7540 | Bailey   | Killed an orc high priest
  7541 | Bailey   | Reached skill level 9 in Maces & Flails
  7847 | Bailey   | Identified a potion of cancellation
  7849 | Bailey   | Upgraded the game from 0.31-a0-1535-gf4f160f to
                  | 0.31-a0-1537-g69dc257
  7944 | D:8      | Noticed Erica
  7954 | D:8      | Killed Erica
  7955 | D:8      | Reached skill level 10 in Maces & Flails
  8036 | D:8      | Found a staircase to the Lair.
  8117 | D:8      | Noticed Jeremiah
  8123 | D:8      | Killed Jeremiah
  8128 | D:8      | Acquired a +3 eveningstar of protection
  8139 | D:8      | Identified a potion of lignification
  8140 | D:8      | Identified 5 scrolls of blinking
  8141 | D:8      | Identified 2 scrolls of fear
  8142 | D:8      | Identified 2 scrolls of immolation
  8205 | D:8      | Killed a death yak
  8206 | D:8      | Reached skill level 11 in Maces & Flails
  8416 | D:8      | Killed a death yak
  8452 | D:8      | Killed a death yak
  8453 | D:8      | Reached skill level 12 in Maces & Flails
  8455 | D:8      | Reached XP level 11. HP: 53/92 MP: 18/18
  8749 | D:9      | Identified a potion of degeneration
  9251 | D:9      | Found a shimmering altar of Xom.
  9444 | D:9      | Identified the +1 helmet "Fyuzir" {Rampage rElec Str-3
                  | Int+3}
  9879 | D:10     | Entered Level 10 of the Dungeon
  9885 | D:10     | Reached skill level 13 in Maces & Flails
 10399 | D:10     | Identified a potion of might
 10536 | D:10     | Reached skill level 14 in Maces & Flails
 10687 | D:11     | Got Juaxege's Catalogue of the Weathered Barrage
 11023 | D:11     | Noticed a purple ugly thing
 11033 | D:11     | Killed a purple ugly thing
 11404 | D:11     | Noticed a two-headed ogre
 11413 | D:11     | Killed a two-headed ogre
 11425 | D:11     | Slain by a killer bee

Illustrated notes

Levels and vault maps discovered:
D:1:      beargit_arrival_diablo_church, layout_basic,
          shapermc_ecumenical_altar_venn
D:2:      layout_loops_ring, minmay_misc_feat_pillars
D:3:      layout_rooms, chequers_temple_overflow_minitemple, uniq_ijyb,
          uniq_grinder
D:4:      layout_loops_cross, grunt_temple_overflow_lords_of_destruction,
          serial_demonic, serial_demonic_f, serial_demonic_d, serial_demonic_a,
          serial_demonic_c
D:5:      layout_rooms, kennysheep_ying_yang, serial_shops, shop
D:6:      layout_gridville, uniq_maggie
D:7:      layout_loops_ring, grunt_temple_overflow_octagram,
          minmay_temple_entry_junction
D:8:      layout_loops_ring, dpeg_lair_monsters, lightli_bailey_entry_fortress,
          hangedman_decor_push, uniq_erica, uniq_jeremiah
D:9:      layout_basic, dk_xom_monty_hall
D:10:     layout_rooms
D:11:     layout_stronghold, minivault_7

Skill      XL: |  1  2  3  4  5  6  7  8  9 10 11 |
---------------+----------------------------------+-----
Dodging        | 2 3 6 |  6.0
Fighting       | 2 3 4 7 |  7.1
Hexes          | 3 4 5 |  5.0
Spellcasting   | 2 3 4 5 |  5.0
Fire Magic     | 3 |  3.0
Maces & Flails | 8 12 14 | 14.8
Ranged Weapons | |  1.7

Action                     |  1- 3 |  4- 6 |  7- 9 | 10-12 || total
---------------------------+-------+-------+-------+-------++-------
  Melee: Unarmed           |    45 |       |       |       ||    45
         Tailslap          |     7 |     6 |    29 |    37 ||    79
         Punch             |     1 |       |     3 |     4 ||     8
         Dagger            |     9 |    84 |   120 |       ||   213
         Morningstar       |       |       |   107 |   271 ||   378
   Fire: Sling             |   103 |    58 |   101 |     5 ||   267
  Throw: Dart              |       |     1 |     1 |       ||     2
   Cast: Jinxbite          |     4 |     3 |     2 |       ||     9
Ability: Breathe Fire      |       |       |    16 |    19 ||    35
  Evoke: Wand              |       |     4 |     3 |       ||     7
    Use: Scroll            |       |     3 |     4 |    10 ||    17
         Potion            |       |     3 |       |     3 ||     6
   Stab: Distracted        |       |     1 |     1 |     1 ||     3
 Armour: Skin              |    31 |    36 |   130 |   170 ||   367
  Dodge: Dodged            |    48 |    42 |   121 |   186 ||   397

Table legend: (Time is in decaauts)
 A = Elapsed time spent in this place.
 B = Non-inter-level travel time spent in this place.
 C = Inter-level travel time spent in this place.
 D = Time resting spent in this place.
 E = Time spent auto-exploring this place.
 F = Levels seen in this place.
 G = Mean time per level.
                   A        B        C        D        E       F      G
               +--------+--------+--------+--------+--------+-----+--------+
         Total |  11391 |  11111 |    280 |   2446 |   5874 |  12 |  949.2 |
       Dungeon |  10338 |  10058 |    280 |   2133 |   5526 |  11 |  939.8 |
        Bailey |   1052 |   1052 |      0 |    313 |    347 |   1 | 1052.0 |
               +--------+--------+--------+--------+--------+-----+--------+

Top non-repeatable levels by time:
     D:8: 1228 daAuts
     D:4: 1200 daAuts
     D:9: 1131 daAuts
     D:1: 1071 daAuts
  Bailey: 1052 daAuts
     D:3: 1038 daAuts
     D:7: 873 daAuts
     D:6: 852 daAuts
     D:2: 799 daAuts
    D:10: 777 daAuts
    D:11: 746 daAuts
     D:5: 619 daAuts
